 Dungeon Crawl Stone Soup version 0.31-a0-978-g1e143483b6 (webtiles) character file.

Game seed: 7851736270878314970

2 Firecrotchwizard the Ruffian (level 1, -3/13 HPs)
             Began as an Octopode Shapeshifter on Oct 30, 2023.
             Slain by a quokka (5 damage)
             ... on level 1 of the Dungeon.
             The game lasted 00:00:21 (98 turns).

Firecrotchwizard the Ruffian (Octopode Shapeshifter)  Turns: 98, Time: 00:00:21

Health: -3/13      AC:  1    Str: 13    XL:     1   Next: 40%
Magic:  1/1        EV: 13    Int: 12    God:
Gold:   14         SH:  0    Dex: 11    Spells: 0/0 levels left

rFire   . .          .
                       - Unarmed
rCold   . . .        (no shield)
rNeg    . . .        (helmet currently unavailable)
rPois   .            (no amulet)
rElec   .            (no ring)
rCorr   .            (no ring)
SInv    .            (no ring)
Will    .....        (no ring)
Stlth   ++           (no ring)
HPRegen 0.22/turn    (no ring)
MPRegen 0.07/turn    (no ring)
                     (no ring)

%: no passive effects
@: beast-form
A: beast (slay +1), almost no armour, amphibious, 8 rings, camouflage 1,
gelatinous body 1, (nimble swimmer 1), tentacles
a: Begin Untransformation


You were on level 1 of the Dungeon.
You were a hulking beast.
You visited 1 branch of the dungeon, and saw 1 of its levels.

You collected 14 gold pieces.

Inventory:

Talismans
 b - a beast talisman
 c - a flux talisman
Potions
 a - a potion of lignification


   Skills:
 + Level 1.1 Fighting
 - Level 2.0 Dodging
 * Level 3.1 Unarmed Combat
 + Level 3.0 Shapeshifting


You couldn't memorise any spells.
You didn't know any spells.
Your spell library was empty.

Dungeon Overview and Level Annotations

Branches:
Dungeon (1/15)

Altars:


Innate Abilities, Weirdness & Mutations

You are a hulking beast.
Your limbs bulge with bestial killing power. (Slay +1)
You cannot wear most types of armour.
You are amphibious.
You can wear up to eight rings at the same time.
Your skin changes colour to match your surroundings (Stealth+).
Your rubbery body absorbs attacks. (AC +1, EV +1)
((You are camouflaged when in or above water. (Stealth+)))
You have tentacles for arms and can constrict up to eight enemies at once.


Message History

Lua error: /dgldir/rcfiles/crawl-git/Firecrotchwizard.rc:334: '' expected near 'end' Welcome, Firecrotchwizard the Octopode Shapeshifter.
The heart of this dungeon contains the marvelous artefact, the Orb of Zot.
Press ? for a list of commands and other information.
Found a staircase leading out of the dungeon.
You open the door.
There is an open door here.
The demonspawn shouts!
The kobold shouts!
The meteoran shouts!
The naga shouts!
The octopode shouts!
The draconian roars!
The minotaur bellows!
The troll shouts!
The ogre shouts!
The elf shouts!
You open the door.
There is an open door here.
Found 8 stones.
Found 3 stones.
You now have 14 gold pieces.
A bat comes into view.
A bat is nearby!
The bat closely misses you.
You tentacle-slap the bat.
You kill the bat!
No target in view!
No target in view!
You see here a bat corpse.
Found a robe.
No target in view!
No target in view!
No target in view!
You see here a +0 robe.
A ball python and a quokka come into view.
A quokka comes into view.
Found a stone staircase leading down.
You barely miss the quokka. You grab the quokka. You constrict the quokka.
The quokka bites you.
You tentacle-slap the quokka.
The quokka is almost dead.
You constrict the quokka.
You kill the quokka!
You barely miss the quokka. Your grab misses the quokka.
The quokka closely misses you.
You barely miss the ball python. You grab the ball python.
You constrict the ball python. The ball python bites you.
The ball python grabs you. The ball python constricts you.
The quokka bites you.
* * * LOW HITPOINT WARNING * * *
You escape the ball python's grasp.
You release your grip on the ball python.
You completely miss the quokka. Your grab misses the quokka.
The quokka bites you.
* * * LOW HITPOINT WARNING * * *
You closely miss the quokka. You grab the quokka.
You constrict the quokka, but do no damage.
The quokka misses you. The quokka barely misses you.
Unknown command.
You completely miss the quokka. You constrict the quokka. The quokka bites you.
You die...

#### #.. #.#
###.#######
#..........
#########.#.#.###.#
#.........#h#.#
#.#########r# # #.#
#...S...# #.#
#..?........ #.#
#..$.....>.. #.#
#............ #.#
#.#........... #.#
#.##........... #[#
##.#.......####


You could see a quokka and a ball python.

Vanquished Creatures
  A bat (D:1)
  A quokka (D:1)
2 creatures vanquished.

Notes
Turn   | Place    | Note
-------+----------+-------------------------------------------
     0 | D:1      | Firecrotchwizard the Octopode Shapeshifter began the quest
                  | for the Orb.
     0 | D:1      | Reached XP level 1. HP: 13/13 MP: 1/1
     2 | D:1      | Noticed a gargoyle
     2 | D:1      | Noticed an armataur
     4 | D:1      | Noticed a human
     4 | D:1      | Noticed a vine stalker
     6 | D:1      | Noticed a demonspawn
     8 | D:1      | Noticed a spriggan
     8 | D:1      | Noticed a meteoran
    10 | D:1      | Noticed a ghoul
    12 | D:1      | Noticed a naga
    12 | D:1      | Noticed a vampire
    14 | D:1      | Noticed an elf
    14 | D:1      | Noticed an octopode
    16 | D:1      | Noticed a formicid
    16 | D:1      | Noticed a felid
    18 | D:1      | Noticed a draconian
    18 | D:1      | Noticed a demigod
    20 | D:1      | Noticed a minotaur
    20 | D:1      | Noticed a tengu
    22 | D:1      | Noticed a troll
    22 | D:1      | Noticed a merfolk
    24 | D:1      | Noticed an ogre
    24 | D:1      | Noticed a vampire
    26 | D:1      | Noticed an elf
    26 | D:1      | Noticed a vampire
    98 | D:1      | Slain by a quokka

Illustrated notes

Levels and vault maps discovered:
D:1:      kb_arrival_jail, layout_loops_ring, serial_shops,
          nicolae_shop_back_alley_shop,
          nicolae_shop_competitors_out_of_business, minmay_heptomino_l4

Action                     || total
---------------------------++-------
  Melee: Unarmed           ||     8
         Constrict         ||     3
 Armour: Skin              ||     5
  Dodge: Dodged            ||     4

Table legend: (Time is in decaauts)
 A = Elapsed time spent in this place.
 B = Non-inter-level travel time spent in this place.
 C = Inter-level travel time spent in this place.
 D = Time resting spent in this place.
 E = Time spent auto-exploring this place.
 F = Levels seen in this place.
 G = Mean time per level.
                   A        B        C        D        E       F      G
               +--------+--------+--------+--------+--------+-----+--------+
         Total |     97 |     97 |      0 |      0 |     80 |   1 |   97.0 |
       Dungeon |     97 |     97 |      0 |      0 |     80 |   1 |   97.0 |
               +--------+--------+--------+--------+--------+-----+--------+

Top non-repeatable levels by time:
     D:1: 97 daAuts
